AoeStats
← hangover

Black Forest

510618972Analyzed
4v4 RM · 22h ago on Oct 1, 2026· 79m 24s· 8 players
Game mode
Random Map
Map size
Large (8 player)
Population
200
Speed
Normal
Resources
Standard
Victory
Conquest
Starting age
Dark Age
Ending age
Imperial Age
RankedLock teamsTeams togetherTeam positionsShared explorationLock speedFull tech treeHidden civsTurbo modeCheats
Victory
Defeat
🇩🇪 Persians · Germany
702
+15
🇨🇴 Spanish · Colombia
668
+16
🇫🇷 Khmer · France
664
+17
588
+20
🇷🇺 Khmer · Russia
823
-24
🇩🇪 Khmer · Germany
814
-22
🇮🇳 Persians · India
534
-11
🇮🇳 Teutons · India
532
-11
Dr Noob Killer 82
18:27 Feudal Age
19:42 Double-Bit Axe
19:52 Gold Mining
19:53 Stone Mining
19:46 Horse Collar
22:53 Castle Age
21:29 Wheelbarrow
25:12 Gold Shaft Mining
25:14 Stone Shaft Mining
24:40 Heavy Plow
24:54 Bow Saw
33:04 Imperial Age
32:17 Hand Cart
32:46 Elite War Elephant
33:27 Kamandaran
35:07 Arson
35:23 Squires
34:44 Pikeman
35:43 Thumb Ring
35:01 Crossbowman
37:03 Chemistry
37:20 Two-Man Saw
36:59 Crop Rotation
37:07 Caravan
36:53 Halberdier
42:54 Heavy Scorpion
48:48 Fletching
48:59 Padded Archer Armor
48:59 Scale Mail Armor
49:05 Scale Barding Armor
49:11 Forging
51:55 Leather Archer Armor
55:20 Onager
62:42 Heavy Camel Rider
alatreon2016
7:18 Loom
14:59 Feudal Age
16:16 Wheelbarrow
15:30 Double-Bit Axe
18:36 Horse Collar
25:31 Castle Age
24:34 Town Watch
25:36 Gold Mining
26:11 Forging
26:07 Scale Barding Armor
25:55 Fletching
26:35 Hand Cart
26:53 Bow Saw
27:17 Bloodlines
30:16 Padded Archer Armor
30:49 Heavy Plow
38:41 Imperial Age
36:26 Scale Mail Armor
38:52 Iron Casting
40:30 Chemistry
39:54 Conscription
40:11 Town Patrol
39:41 Light Cavalry
40:47 Pikeman
41:54 Husbandry
43:05 Elite Conquistador
44:57 Hussar
46:11 Halberdier
47:10 Leather Archer Armor
50:58 Two-Man Saw
51:26 Blast Furnace
50:57 Ring Archer Armor
51:38 Chain Mail Armor
51:45 Chain Barding Armor
55:47 Onager
65:31 Plate Barding Armor
65:27 Plate Mail Armor
64:52 Bodkin Arrow
71:51 Bracer
73:11 Elite Skirmisher
73:56 Squires
78:26 Masonry
78:38 Capped Ram
[MIAAU] Gatúbelo Palestinian
1:43 Loom
12:32 Feudal Age
14:28 Wheelbarrow
19:26 Castle Age
17:40 Horse Collar
20:40 Heavy Plow
21:05 Double-Bit Axe
24:45 Bow Saw
26:15 Fervor
28:12 Sanctity
34:02 Imperial Age
31:50 Hand Cart
33:45 Stone Mining
33:46 Gold Mining
34:17 Town Watch
37:13 Caravan
37:22 Onager
38:46 Fortified Wall
39:00 Ballistics
39:55 Town Patrol
40:08 Devotion
40:21 Guilds
40:41 Siege Onager
41:34 Furor Celtica
40:48 Elite Woad Raider
41:51 Conscription
41:22 Stronghold
45:53 Chemistry
47:20 Gold Shaft Mining
47:21 Stone Shaft Mining
48:22 Hoardings
47:51 Scale Mail Armor
47:42 Fletching
48:02 Forging
47:29 Heavy Scorpion
48:49 Chain Mail Armor
54:34 Faith
55:06 Plate Mail Armor
55:12 Iron Casting
54:32 Bodkin Arrow
54:45 Siege Engineers
54:50 Masonry
54:36 Murder Holes
59:59 Blast Furnace
j55/tyl777
9:22 Loom
18:56 Feudal Age
24:56 Gold Mining
28:48 Castle Age
31:31 Wheelbarrow
37:15 Hand Cart
36:52 Horse Collar
39:34 Heavy Plow
51:39 Double-Bit Axe
62:14 Imperial Age
62:40 Forging
62:36 Scale Barding Armor
61:56 Light Cavalry
62:47 Bloodlines
62:38 Husbandry
62:46 Hussar
64:08 Iron Casting
67:29 Chain Barding Armor
68:10 Blast Furnace
72:24 Plate Barding Armor
Matambo
9:10 Loom
11:47 Feudal Age
14:30 Feudal Age
18:34 Castle Age
17:02 Double-Bit Axe
21:18 Wheelbarrow
20:40 Gold Mining
22:41 Horse Collar
23:18 Bow Saw
25:32 Hand Cart
27:22 Heavy Plow
28:06 Caravan
28:36 Coinage
29:34 Stone Mining
31:33 Scale Barding Armor
31:38 Forging
31:29 Padded Archer Armor
31:20 Fletching
32:31 Gold Shaft Mining
32:34 Stone Shaft Mining
35:37 Imperial Age
35:55 Ballistics
35:47 Masonry
37:08 Banking
36:54 Husbandry
37:06 Bloodlines
37:17 Leather Archer Armor
36:58 Bodkin Arrow
37:24 Chain Barding Armor
37:39 Iron Casting
38:20 Crop Rotation
38:55 Chemistry
38:27 Architecture
37:57 Murder Holes
38:12 Siege Engineers
38:08 Town Watch
38:03 Elite Ballista Elephant
38:46 Double Crossbow
39:06 Conscription
39:26 Town Patrol
49:47 Plate Barding Armor
49:42 Ring Archer Armor
49:12 Bracer
50:13 Blast Furnace
69:59 Onager
shprot
12:27 Feudal Age
11:33 Loom
15:36 Castle Age
13:39 Horse Collar
14:54 Double-Bit Axe
28:25 Scale Barding Armor
29:28 Ballistics
32:58 Heavy Plow
33:10 Bow Saw
36:53 Imperial Age
35:00 Wheelbarrow
34:51 Tusk Swords
35:03 Bloodlines
34:53 Husbandry
35:07 Husbandry
36:12 Chain Barding Armor
36:04 Forging
38:09 Plate Barding Armor
38:02 Conscription
38:17 Caravan
39:00 Cavalier
40:19 Iron Casting
42:36 Hand Cart
43:24 Blast Furnace
42:32 Siege Engineers
43:28 Chemistry
43:00 Crop Rotation
41:55 Heavy Scorpion
42:37 Double Crossbow
45:44 Scale Mail Armor
47:48 Chain Mail Armor
47:45 Masonry
52:27 Architecture
51:50 Fletching
52:00 Padded Archer Armor
52:12 Elite Ballista Elephant
53:32 Hoardings
hangover
0:33 Loom
13:33 Feudal Age
14:59 Horse Collar
15:08 Double-Bit Axe
18:01 Gold Mining
18:07 Stone Mining
21:20 Man-at-Arms
21:46 Arson
27:50 Castle Age
27:51 Long Swordsman
28:17 Gambesons
28:32 Squires
27:54 Pikeman
29:17 Bow Saw
29:16 Heavy Plow
39:00 Imperial Age
38:51 Halberdier
42:38 Crop Rotation
43:14 Two-Man Saw
44:37 Elite War Elephant
47:22 Coinage
46:53 Caravan
51:34 Chemistry
50:54 Ballistics
56:36 Heavy Scorpion
64:04 Light Cavalry
64:55 Bloodlines
72:25 Husbandry
74:13 Hussar
infinityishan
6:57 Loom
22:00 Feudal Age
22:56 Horse Collar
25:34 Double-Bit Axe
28:01 Wheelbarrow
33:30 Scale Mail Armor
33:41 Forging
40:03 Castle Age
40:54 Man-at-Arms
41:19 Gambesons
41:35 Squires
41:21 Arson
43:40 Scale Barding Armor
44:30 Long Swordsman
48:06 Bow Saw
54:03 Hand Cart
60:54 Gold Mining
Connection lost

Rejoining the realm…

Still unreachable

The connection could not be restored.

Session expired

The server has moved on; the page needs a fresh start.